 Dungeon Crawl Stone Soup version 0.16.1-29-g3e760ad (webtiles) character file.

63 DerLolli the Skirmisher (level 3, -1/34 HPs)
             Began as a Minotaur Berserker on June 10, 2015.
             Was a Believer of Trog.
             Slain by an orc wizard
             ... wielding a +0 dagger
              (4 damage)
             ... on level 3 of the Dungeon.
             The game lasted 00:08:10 (1470 turns).

DerLolli the Skirmisher (Minotaur Berserker)        Turns: 1470, Time: 00:08:17

Health: -1/34      AC:  2    Str: 22    XL:     3   Next: 89%
Magic:  2/2        EV: 18    Int:  4    God:    Trog [**....]
Gold:   96         SH:  0    Dex: 14    Spells: 0 memorised, 2 levels left

rFire  . . .     SeeInvis .     l - +0 spear
rCold  . . .     Clarity  .     b - +0 animal skin
rNeg   . . .     SustAb   .     (no shield)
rPois  .         Gourm    .     (helmet restricted)
rElec  .         Spirit   .     (no cloak)
rCorr  .         Warding  .     (no gloves)
rMut   .         Stasis   .     (no boots)
MR     .....                    (no amulet)
Stlth  ++........               (no ring)
                                (no ring)

@: agile, lethally poisoned (-1 -> -4), not resistant to hostile enchantments,
unstealthy
A: retaliatory headbutt, horns 2
a: Burn Spellbooks, Berserk, Trog's Hand, Renounce Religion


You were on level 3 of the Dungeon.
You worshipped Trog.
Trog was pleased with you.
You were not hungry.

You visited 1 branch of the dungeon, and saw 3 of its levels.

You collected 96 gold pieces.

Inventory:

Hand weapons
 a - a +0 falchion
 i - a +0 dagger
 k - a +0 hand axe
 l - a +0 spear (weapon)
Missiles
 j - 42 stones (quivered)
Armour
 b - a +0 animal skin (worn)
Magical devices
 w - a wand of fireball (3)
Scrolls
 e - a scroll of recharging {unknown}
 f - 5 scrolls of remove curse {unknown}
 g - a scroll of magic mapping {unknown}
 p - a scroll of amnesia {unknown}
 q - 2 scrolls of noise {unknown}
 r - a scroll of immolation {unknown}
 s - a scroll of teleportation {unknown}
 t - a scroll of random uselessness {unknown}
 u - a scroll of identify {unknown}
Potions
 c - a potion of heal wounds {unknown}
 h - a potion of restore abilities {unknown}
 n - a potion of cure mutation
 o - a potion of brilliance {unknown}
 v - a potion of curing {unknown}
 x - a potion of might {unknown}
Comestibles
 d - 2 fruits


   Skills:
 + Level 4.5 Fighting
 + Level 4.4 Long Blades
 + Level 0.5 Polearms
 + Level 2.6 Armour
 + Level 2.9 Dodging


You had 2 spell levels left.
You didn't know any spells.

Dungeon Overview and Level Annotations

Branches:
Dungeon (3/15)

Altars:
Gozag
Kikubaaqudgha
The Shining One


Innate Abilities, Weirdness & Mutations

You reflexively headbutt those who attack you in melee.
You have a pair of horns on your head.


Message History

You miss something.
You feel less confused. The bat barely misses you.
Something hits you but does no damage. The orc closely misses you.
The adder closely misses you. You furiously retaliate!
You headbutt the adder, but do no damage.
Something hits you.
* * * LOW HITPOINT WARNING * * *
The orc closely misses you. You furiously retaliate!
You headbutt the orc!
You kill the orc!
Trog accepts your kill. Something hits you.
* * * LOW HITPOINT WARNING * * *
It was a potion of agility.
You feel agile all of a sudden. The bat misses you. The adder bites you.
* * * LOW HITPOINT WARNING * * *
You are lethally poisoned!
The adder poisons you! Something hits you.
You die...

# # ....#....
...>........#
..............# #.#
...............# .....
...............# ....
...............# ....
#.....({)o......# ....
#.....oS@b.....## #..
#.#....(#.(..(##.. #
#.#
########.####....###.#
#.####........##
#......#####....
#.(##### #.###
#####..# ##.#
#......### ##..#
#.####...# ##..##


You could see an adder, 2 orcs and a bat.

Vanquished Creatures
  Ijyb (D:3)
  A giant gecko (D:3)
  An ooze (D:1)
  An orc (D:3)
  A ball python (D:2)
  A bat skeleton (D:3)
  2 giant cockroaches
  6 hobgoblins (D:1)
  4 bats
  2 giant newts (D:1)
  7 goblins
  6 kobolds
  10 rats
  A rat zombie (D:2)
44 creatures vanquished.

Notes
Turn   | Place    | Note
--------------------------------------------------------------
     0 | D:1      | DerLolli, the Minotaur Berserker, began the quest for the Orb.
     0 | D:1      | Reached XP level 1. HP: 19/19 MP: 1/1
   221 | D:1      | Reached skill level 4 in Fighting
   221 | D:1      | Reached XP level 2. HP: 9/27 MP: 1/1
   508 | D:1      | Found a glowing golden altar of the Shining One.
   637 | D:1      | Acquired Trog's second power
   937 | D:2      | Found an ancient bone altar of Kikubaaqudgha.
   970 | D:2      | Reached XP level 3. HP: 28/33 MP: 2/2
  1086 | D:2      | Found an opulent altar of Gozag.
  1389 | D:3      | Noticed Ijyb
  1398 | D:3      | Killed Ijyb
  1470 | D:3      | Slain by an orc wizard

Action                   || total
-------------------------++-------
Melee: Falchion          ||    38
       Spear             ||    69
Throw: Stone             ||     8
Invok: Berserk           ||     1
  Use: Potion            ||     2
  Eat: Bread ration      ||     1
